 Dungeon Crawl Stone Soup version 0.30.1-11-g7821555f0a (webtiles) character file.

Game seed: 15098797799931813771

46 pkoi the Insei (level 3, -2/31 HPs)
             Began as a Draconian Monk on Nov 6, 2023.
             Slain by a gnoll
             ... wielding a +1 whip of electrocution
              (8 damage)
             ... on level 1 of the Dungeon.
             The game lasted 00:00:47 (1100 turns).

pkoi the Insei (Draconian Monk)                     Turns: 1100, Time: 00:00:48

Health: -2/31      AC:  5    Str: 13    XL:     3   Next: 46%
Magic:  3/3        EV: 12    Int: 12    God:
Gold:   59         SH:  0    Dex: 13    Spells: 2/2 levels left

rFire   . .          .
                       - Unarmed
rCold   . . .        b - orb {light}
rNeg    . . .        (body armour unavailable)
rPois   .            (helmet restricted)
rElec   .            (no cloak)
rCorr   .            (no gloves)
SInv    .            (no boots)
Will    .....        (no amulet)
Stlth   +            (no ring)
HPRegen 0.25/turn    (no ring)
MPRegen 0.08/turn

%: no passive effects
@: confused, ambrosia-drunk, glowing
A: AC +5, unfitting armour, cold-blooded
a: no special abilities


You were on level 1 of the Dungeon.
You visited 1 branch of the dungeon, and saw 2 of its levels.

You collected 59 gold pieces.

Inventory:

Armour
 b - an orb of light (worn)
Jewellery
 h - a +6 ring of strength
Scrolls
 c - a scroll of poison {unknown}
 d - a scroll of brand weapon {unknown}
 e - a scroll of amnesia {unknown}
 f - a scroll of immolation {unknown}
 g - 2 scrolls of enchant weapon {unknown}


   Skills:
 - Level 3.2 Fighting
 - Level 2.6 Dodging
 + Level 4.5 Unarmed Combat


You had 2 spell levels left.
You didn't know any spells.
Your spell library was empty.

Dungeon Overview and Level Annotations

Branches:
Dungeon (2/15)

Altars:

Annotations:
D:2 Robin


Innate Abilities, Weirdness & Mutations

Your plain brown scales are hard. (AC +5)
You cannot fit into any form of body armour.
You are cold-blooded and may be slowed by cold attacks.


Message History

The gnoll is moderately wounded.
The gnoll misses you.
You barely miss the gnoll.
The gnoll is moderately wounded.
The gnoll completely misses you.
You hit the gnoll. You tail-slap the gnoll.
The gnoll is severely wounded.
The gnoll hits you with a +0 flail.
You hit the gnoll but do no damage.
The gnoll is severely wounded.
The gnoll hits you but does no damage.
You barely miss the gnoll.
The gnoll is severely wounded.
The gnoll barely misses you.
You hit the gnoll.
The gnoll is severely wounded.
The gnoll hits you with a +0 flail.
You hit the gnoll.
You kill the gnoll!
You hit the gnoll but do no damage.
You tail-slap the gnoll, but do no damage.
The gnoll hits you with a +1 whip of electrocution.
You are electrocuted!
* * * LOW HITPOINT WARNING * * *
You completely miss the gnoll.
The gnoll hits you with a +1 whip of electrocution.
* * * LOW HITPOINT WARNING * * *
You hit the gnoll.
You tail-slap the gnoll, but do no damage.
The gnoll is moderately wounded.
You hit the gnoll.
The gnoll is moderately wounded.
The gnoll misses you.
You are confused.
You feel invigorated.
The gnoll hits you with a +1 whip of electrocution.
* * * LOW HITPOINT WARNING * * *
You bump into the rock wall.
The gnoll hits you with a +1 whip of electrocution!
You die...

.#
#........#.......##.##.###.#.
.####........#.......##.##.#
#.##
.............#.......##.##.#
#.#
.####........#.......##.##.#
#.#
.#...........#..........##.#
#.##
##........)..#.......#####.#
#... ##...................#
#.# ####
##..........##.#######
#.######
##.......#......@gw.#
#.......
#####....#.....####.#
########
....######.##...)...# ....#
#.###......# ....# #.#
####...## ....# #.# ##.w.#
....# #.# #...### ....# #.#
##..>.# ....######.# #....#


You could see a worm and a gnoll.

Vanquished Creatures
  2 gnolls (D:1)
  A dart slug (D:1)
  2 ball pythons (D:1)
  5 endoplasms
  3 giant cockroaches (D:1)
  2 goblins (D:1)
  3 hobgoblins (D:1)
  2 frilled lizards (D:1)
  2 kobolds (D:1)
22 creatures vanquished.

Notes
Turn   | Place    | Note
-------+----------+-------------------------------------------
     0 | D:1      | pkoi the Draconian Monk began the quest for the Orb.
     0 | D:1      | Reached XP level 1. HP: 19/19 MP: 1/1
   123 | D:1      | Reached XP level 2. HP: 26/26 MP: 2/2
   256 | D:1      | Reached skill level 4 in Unarmed Combat
   581 | D:1      | Reached XP level 3. HP: 31/31 MP: 3/3
  1014 | D:2      | Noticed Robin
  1096 | D:1      | HP: 1/31 [gnoll/+1 whip of electrocution (1)]
  1100 | D:1      | Slain by a gnoll

Illustrated notes

Levels and vault maps discovered:
D:1:      dpeg_arrival_radiant, layout_basic, chequers_big_river
D:2:      layout_rooms, basic_altar, uniq_robin

Skill      XL: |  1  2 |
---------------+-------+-----
Unarmed Combat | 4 |  4.5
Fighting       | |  3.2
Dodging        | |  2.6

Action                     || total
---------------------------++-------
  Melee: Unarmed           ||    70
         Tailslap          ||    15
    Use: Potion            ||     1
 Armour: Skin              ||    12
  Dodge: Dodged            ||    43
